 Dungeon Sprint DCSS version 0.20.1-1-g8b1a95d (console) character file.

3320 hilaritas the Blocker (level 9, -5/101 HPs)
             Began as a Troll Fighter on Feb 26, 2018.
             Was a Believer of Uskayaw.
             Slain by a red devil
             ... wielding a +0 demon trident of electrocution
              (16 damage)
             ... in the Dungeon (Sprint VII: "The Pits").
             The game lasted 00:06:06 (881 turns).

hilaritas the Blocker (Troll Fighter)                Turns: 881, Time: 00:06:07

Health: -5/101     AC:  9    Str: 27    XL:     9   Next: 71%
Magic:  15/15      EV: 10    Int:  9    God:    Uskayaw [**....]
Gold:   0          SH: 12    Dex:  9    Spells: 8/8 levels left

rFire    . . .     SeeInvis .     - Unarmed
rCold    . . .     Gourm    +   b - +0 shield
rNeg     . . .     Faith    .   a - +0 robe
rPois    .         Spirit   .   (helmet restricted)
rElec    .         Reflect  .   v - +0 cloak
rCorr    .         Harm     .   (gloves unavailable)
MR       .....     NoTele   +   (boots unavailable)
Stlth    +.........             (no amulet)
Regen    0.7/turn               r - +3 ring of intelligence
MPRegen  0.2/turn               t - +3 ring of protection

@: slowed, very slow
A: unfitting armour, claws 3, fast metabolism 3, gourmand, regeneration 1,
shaggy fur 1, tough skin 2
a: Stomp, Line Pass, Renounce Religion


You were in the Dungeon.
You worshipped Uskayaw.
Uskayaw was aware of your devotion.
You were very full.

You visited 1 branch

Inventory:

Hand Weapons
 u - a +2 scimitar of flaming
Armour
 a - a +0 robe (worn)
 b - a +0 shield (worn)
 v - a +0 cloak (worn)
Jewellery
 r - a +3 ring of intelligence (left claw)
 t - a +3 ring of protection (right claw)
Scrolls
 j - a scroll of blinking
 m - 3 scrolls of remove curse
 n - 5 scrolls of amnesia
 o - a scroll of summoning
Potions
 c - 2 potions of might
 e - 7 potions of curing
 f - 10 potions of heal wounds
 g - a potion of agility
 h - 4 potions of magic
 i - 3 potions of berserk rage
 k - a potion of brilliance
 l - 2 potions of invisibility
 s - a potion of mutation
Comestibles
 d - 9 bread rations
 p - 40 fruits
 q - 7 meat rations


   Skills:
 - Level 10.2 Fighting
 * Level 2.4 Dodging
 - Level 10.6 Shields
 - Level 10.3 Unarmed Combat
 - Level 10.5 Invocations


You had 8 spell levels left.
You didn't know any spells.

Dungeon Overview and Level Annotations

Branches:
Dungeon (1/1)

Altars:
Ashenzari
Cheibriados
Dithmenos
Elyvilon
Fedhas
Gozag
Hepliaklqana
Kikubaaqudgha
Makhleb
Nemelex Xobeh
Okawaru
Qazlal
Ru
Sif Muna
Trog
Uskayaw
Vehumet
Xom
Yredelemnul
Zin
The Shining One
Beogh
Jiyva
Lugonu

Annotations:
D Josephine


Innate Abilities, Weirdness & Mutations

You are too large for most types of armour.
You have claws for hands.
Your metabolism is lightning-fast.
You like to eat raw meat.
Your natural rate of healing is unusually fast.
You are covered in fur. (AC +1)
You have very tough skin. (AC +2)


Message History

Josephine barely misses you.
The dream sheep shake their wool and sparkle.
You feel drowsy...
You fall asleep.
Josephine hits you with a dagger.
You wake up.
* * * LOW HITPOINT WARNING * * *
The wraith hits you.
* * * LOW HITPOINT WARNING * * *
The wraith drains your vigour!
You feel as though you will be slow longer.
The wraith hits you.
* * * LOW HITPOINT WARNING * * *
The wraith drains your vigour!
You feel as though you will be slow longer.
You block the red devil's attack. You block the wraith's attack.
The wraith hits you.
* * * LOW HITPOINT WARNING * * *
The wraith drains your vigour!
You feel as though you will be slow longer.
The red devil hits you from afar with a demon trident of electrocution!
You die...

##'#####''######
......##''##########
......##..†.÷.#...'
......##....###...##
..<...##...##.'...'
......##..##..##'## #.F
......##..#..##...## .'.F
......##..#..#.....#..#..
########..)..[...WVYY.'..
########.†#..#..@W4#..#..
.#..[.##..#..##.@W## '..
.#..[[##..##..##+## .
.'..))##...##.+
.#..))##....###
.#..))##......#
###############


You could see Josephine, a vampire mage, 3 wraiths, a red devil and 2 dream
sheep.

Vanquished Creatures
  A vampire mage (D)
  A rime drake (D)
  A kobold demonologist (D)
  Prince Ribbit (D)
  A polar bear (D)
  A bog body (D)
  2 wyverns (D)
  A basilisk (D)
  Eustachio (D)
  A small abomination (D)
  A floating eye (D)
  A sky beast (D)
  An ice beast (D)
  A necrophage (D)
  An ogre (D)
  A centaur (D)
  2 big kobolds (D)
  A crimson imp (D)
  A gnoll shaman (D)
  2 orc priests (D)
  An orc wizard (D)
  A mummy (D)
  3 gnolls (D)
  A white imp (D)
  An ufetubus (D)
  An ooze (D)
  An orc (D)
  A goblin (D)
  A hobgoblin (D)
  4 jackals (D)
  A quokka (D)
  A ball python (D)
  A bat (D)
  A frilled lizard (D)
  A quokka skeleton (D)
  A rat (D)
44 creatures vanquished.

Notes
Turn   | Place    | Note
-------+----------+-------------------------------------------
     0 | D        | hilaritas the Troll Fighter began the quest for the Orb.
     0 | D        | Reached XP level 1. HP: 22/22 MP: 0/0
    58 | D        | Found a glowing golden altar of the Shining One.
    58 | D        | Found a glowing silver altar of Zin.
    58 | D        | Found a basalt altar of Yredelemnul.
    58 | D        | Found a shimmering altar of Xom.
    58 | D        | Found a bloodstained altar of Trog.
    58 | D        | Found a deep blue altar of Sif Muna.
    58 | D        | Found a sacrificial altar of Ru.
    58 | D        | Found a stormy altar of Qazlal.
    58 | D        | Found an iron altar of Okawaru.
    58 | D        | Found a sparkling altar of Nemelex Xobeh.
    58 | D        | Found a burning altar of Makhleb.
    58 | D        | Found a viscous altar of Jiyva.
    58 | D        | Found a hazy altar of Hepliaklqana.
    58 | D        | Found an opulent altar of Gozag.
    58 | D        | Found a blossoming altar of Fedhas.
    58 | D        | Found a white marble altar of Elyvilon.
    58 | D        | Found a shadowy altar of Dithmenos.
    58 | D        | Found a snail-covered altar of Cheibriados.
    60 | D        | Found a radiant altar of Vehumet.
    60 | D        | Found a corrupted altar of Lugonu.
    60 | D        | Found a roughly hewn altar of Beogh.
    61 | D        | Found a hide-covered altar of Uskayaw.
    61 | D        | Found an ancient bone altar of Kikubaaqudgha.
    61 | D        | Found a shattered altar of Ashenzari.
    69 | D        | Became a worshipper of Uskayaw the Reveler
    91 | D        | Reached XP level 2. HP: 26/31 MP: 1/1
    91 | D        | Reached * piety under Uskayaw
    92 | D        | Reached skill level 1 in Invocations
   114 | D        | Reached ** piety under Uskayaw
   222 | D        | Noticed a floating eye
   227 | D        | HP: 2/31 [orc priest/divine providence (17)]
   229 | D        | Paralysed by a floating eye for 3 turns
   230 | D        | Noticed a big kobold
   234 | D        | Reached XP level 3. HP: 19/39 MP: 3/3
   238 | D        | Paralysed by a floating eye for 4 turns
   245 | D        | HP: 3/39 [orc priest/flail (3)]
   247 | D        | Reached XP level 4. HP: 34/48 MP: 3/5
   247 | D        | Paralysed by a floating eye for 4 turns
   253 | D        | Reached skill level 5 in Unarmed Combat
   253 | D        | Reached *** piety under Uskayaw
   257 | D        | Reached **** piety under Uskayaw
   258 | D        | Killed a floating eye
   258 | D        | Reached skill level 5 in Fighting
   258 | D        | Reached skill level 5 in Shields
   258 | D        | Reached XP level 5. HP: 37/57 MP: 3/7
   270 | D        | Reached ***** piety under Uskayaw
   282 | D        | Reached XP level 6. HP: 17/66 MP: 5/8
   282 | D        | Reached skill level 5 in Invocations
   385 | D        | Noticed Eustachio
   387 | D        | Killed Eustachio
   387 | D        | Reached skill level 10 in Unarmed Combat
   387 | D        | Reached XP level 7. HP: 74/74 MP: 8/10
   454 | D        | Noticed Prince Ribbit
   454 | D        | Noticed a wyvern
   458 | D        | Killed a wyvern
   464 | D        | Killed Prince Ribbit
   464 | D        | Reached XP level 8. HP: 79/88 MP: 10/12
   578 | D        | Noticed a bog body
   584 | D        | Killed a bog body
   647 | D        | Noticed a polar bear
   665 | D        | Killed a polar bear
   758 | D        | Noticed a kobold demonologist
   758 | D        | Noticed a rime drake
   765 | D        | Killed a rime drake
   765 | D        | Reached skill level 10 in Fighting
   765 | D        | Reached XP level 9. HP: 101/101 MP: 14/14
   782 | D        | Noticed a soul eater
   783 | D        | Noticed a smoke demon
   786 | D        | Noticed a sixfirhy
   789 | D        | Killed a kobold demonologist
   804 | D        | Noticed a vampire mage
   819 | D        | Killed a vampire mage
   819 | D        | Reached skill level 10 in Shields
   819 | D        | Reached skill level 10 in Invocations
   872 | D        | Noticed a red devil
   873 | D        | Noticed Josephine
   877 | D        | Noticed a vampire mage
   881 | D        | Slain by a red devil

Skill      XL: |  1  2  3  4  5  6  7  8  9 |
---------------+----------------------------+-----
Fighting       | 3 4 5 8 10 | 10.2
Shields        | 3 4 5 6 7 9 10 | 10.6
Unarmed Combat | 4 7 8 10 | 10.3
Invocations    | 2 4 5 7 9 10 | 10.5
Dodging        | |  2.4

Action                   |  1- 3 |  4- 6 |  7- 9 || total
-------------------------+-------+-------+-------++-------
Melee: Unarmed           |    52 |    27 |    66 ||   145
Invok: Stomp             |       |       |     1 ||     1
  Use: Potion            |     3 |       |       ||     3
 Stab: Paralysed         |       |     3 |     8 ||    11
  Eat: Chunk             |     8 |     1 |     4 ||    13
Armor: Robe              |    16 |     3 |    24 ||    43
Dodge: Dodged            |    16 |     4 |    16 ||    36
Block: Shield            |    18 |    11 |    28 ||    57
